 Dungeon Crawl Stone Soup version 0.29.1-2-gbd0b4ee654 (webtiles) character file.

Game seed: 9715381860828032773

16 Jango the Firebug (level 2, 0/20 HPs)
             Began as a Demigod Fire Elementalist on Oct 25, 2022.
             Slain by a jackal (3 damage)
             ... on level 1 of the Dungeon.
             The game lasted 00:08:34 (397 turns).

Jango the Firebug (Demigod Fire Elementalist)        Turns: 397, Time: 00:08:34

Health: 0/20       AC:  2    Str:  9    XL:     2   Next: 24%
Magic:  2/7        EV: 12    Int: 17    God:
Gold:   8          SH:  0    Dex: 14    Spells: 4/5 levels left

rFire   . . .      SeeInvis .   c - +0 dagger
rCold   . . .      Faith    .   (no shield)
rNeg    . . .      Spirit   .   a - +0 robe
rPois   .          Reflect  .   (no helmet)
rElec   .          Harm     .   (no cloak)
rCorr   .          Rampage  .   (no gloves)
Will    .....                   (no boots)
Stlth   ++........              (no amulet)
HPRegen 0.06/turn               (no ring)
MPRegen 0.10/turn               (no ring)

@: no status effects
A: high MP 1, forlorn, divine attributes
a: no special abilities


You were on level 1 of the Dungeon.
You visited 1 branch of the dungeon, and saw 1 of its levels.

You collected 8 gold pieces.

Inventory:

Hand Weapons
 c - a +0 dagger (weapon)
 f - a +0 club
Missiles
 e - 6 javelins
Armour
 a - a +0 robe (worn)
Potions
 b - a potion of magic
 d - a potion of haste {unknown}
 g - a potion of mutation {unknown}
 h - 2 potions of curing {unknown}


   Skills:
 + Level 1.9 Dodging
 + Level 1.9 Stealth
 + Level 2.0 Spellcasting
 + Level 0.8 Conjurations
 + Level 3.1 Fire Magic


You had 4 spell levels left.
You knew the following spells:

 Your Spells              Type           Power      Damage    Failure   Level
a - Foxfire               Conj/Fire      32%        2x1d5     9%          1

Your spell library contained the following spells:

 Spells                   Type           Power      Damage    Failure   Level
 Scorch                   Fire           24%        2d6       9%          2
 Conjure Flame            Conj/Fire      8%         6-21      26%         3
 Poisonous Vapours        Pois/Air       2%         N/A       28%         2
 Inner Flame              Hex/Fire       7%         N/A       30%         3
 Dazzling Flash           Conj/Hex       6%         N/A       43%         3
 Flame Wave               Conj/Fire      8%         2d5       63%         4
 Iskenderun's Mystic Bla  Conj/Tloc      3%         2d3       85%         4
 Corpse Rot               Necr/Pois/Air  1%         N/A       88%         4
 Starburst                Conj/Fire      4%         6d3       100%        6


Dungeon Overview and Level Annotations

Branches:
Dungeon (1/15)


Innate Abilities, Weirdness & Mutations

You have an increased reservoir of magic. (+10% MP)
You shall have no god before yourself.
Your divine heritage dramatically boosts your attributes as you level up.


Message History

The jackal closely misses you. The kobold hits you but does no damage.
Your memorisation is interrupted.
Casting: Foxfire (safe; 9% risk of failure)
Press: ? - help, Q - select action, (/) - cycle Dir - look around, f - activate
Okay, then.
This spell is quite dangerous to cast!
Memorise Poisonous Vapours, consuming 2 spell levels and leaving 2?
The jackal misses you.
The jackal bites you but does no damage.
Your memorisation is interrupted.
The kobold completely misses you.
Unknown command.
Casting: Foxfire (safe; 9% risk of failure)
Confirm with . or Enter, or press ? or * to list all spells.
Okay, then.
Casting: Foxfire (safe; 9% risk of failure)
Confirm with . or Enter, or press ? or * to list all spells.
Okay, then.
Casting: Foxfire (safe; 9% risk of failure)
Press: ? - help, Q - select action, (/) - cycle Dir - look around, f - activate
There is not enough space to conjure foxfire!
Casting: Foxfire (safe; 9% risk of failure)
Confirm with . or Enter, or press ? or * to list all spells.
Okay, then.
Really attack while wielding nothing? [Y]es or [N]o only, please.
Really attack while wielding nothing? [Y]es or [N]o only, please.
Really attack while wielding nothing? [Y]es or [N]o only, please.
Really attack while wielding nothing? [Y]es or [N]o only, please.
Really attack while wielding nothing? [Y]es or [N]o only, please.
Really attack while wielding nothing?
Okay, then.
c - a +0 dagger (weapon)
You hit the jackal.
The jackal is moderately wounded.
The jackal bites you.
You die...

#.. #.#
########### ##.#
#.........# ...##
#.#######.# ....#
#.# #.# .#..# #.#
#.# .#..####.# #g#
.#....##.# #h#
.#.....#.# #@#
...##..#.# #K#
.####>...# #.# .#
#..#.### #.# .#
#..#...## #.# .
#.†###†.# #.# .
##..#...†## #:#
.###..†..#...###.#
.......#.#.#...#


You could see a jackal, a hobgoblin and a kobold.

Vanquished Creatures
  A dart slug (D:1)
  A bat (D:1)
  An endoplasm (D:1)
  2 giant cockroaches (D:1)
  A goblin (D:1)
  2 hobgoblins (D:1)
  2 jackals (D:1)
  A kobold (D:1)
11 creatures vanquished.

Vanquished Creatures (others)
  18 foxfires (D:1)
18 creatures vanquished.

Grand Total: 29 creatures vanquished

Notes
Turn   | Place    | Note
-------+----------+-------------------------------------------
     0 | D:1      | Jango the Demigod Fire Elementalist began the quest for the
                  | Orb.
     0 | D:1      | Reached XP level 1. HP: 14/14 MP: 5/5
   293 | D:1      | Reached skill level 3 in Fire Magic
   293 | D:1      | Reached XP level 2. HP: 20/20 MP: 4/7
   397 | D:1      | Slain by a jackal

Illustrated notes

Levels and vault maps discovered:
D:1:      scummos_arrival_checkerplants, layout_basic,
          hellmonk_ecumenical_altar_dog_temple, minmay_worlds_worst_comb

Skill      XL: |  1 |
---------------+----+-----
Spellcasting   | 2 |  2.0
Fire Magic     | 3 |  3.1
Dodging        | |  1.9
Stealth        | |  1.9
Conjurations   | |  0.8

Action                   || total
-------------------------++-------
Melee: Unarmed           ||    10
       Dagger            ||     1
Throw: Javelin           ||     6
 Cast: Foxfire           ||    13
Armor: Robe              ||    13
Dodge: Dodged            ||    39
